 Dungeon Sprint DCSS version 0.30.1-4-g462c640d31 (webtiles) character file.

Game seed: 2647195733712364146

586 Heoruswealwe the Grappler (level 7, -11/117 HPs)
             Began as a Troll Berserker on Aug 17, 2023.
             Was a Priest of Trog.
             Mangled by a sun demon (19 damage)
             ... summoned by a kobold demonologist
             ... in the Dungeon (Sprint I: "Red Sonja").
             The game lasted 00:02:36 (177 turns).

Heoruswealwe the Grappler (Troll Berserker)          Turns: 177, Time: 00:02:38

Health: -11/117    AC:  4    Str: 28    XL:     7   Next: 15%
Magic:  6/6        EV: 11    Int:  3    God:    Trog [***...]
Gold:   316        SH:  0    Dex:  9    Spells: 6/6 levels left

rFire   . .          .
                       - Unarmed
rCold   . . .        (no shield)
rNeg    . . .        a - +0 animal skin
rPois   .            (helmet restricted)
rElec   .            (no cloak)
rCorr   .            (gloves unavailable)
SInv    .            (boots unavailable)
Will    .....        (no amulet) Stlth
                     (no ring)
HPRegen 1.19/turn    (no ring)
MPRegen 0.10/turn

%: no teleportation
@: berserking, very quick
A: large, unfitting armour, claws 3, regeneration 1, shaggy fur 1, tough skin 1
a: Renounce Religion, Berserk, Trog's Hand


You were in the Dungeon.
You worshipped Trog.
Trog was most pleased with you.
You visited 1 branch You collected 411 gold pieces.
You spent 95 gold pieces at shops.

Inventory:

Armour
 a - a +0 animal skin (worn)
Wands
 h - a wand of flame (7)
Scrolls
 g - a scroll of blinking
 i - a scroll of identify
Potions
 b - a potion of curing
 c - a potion of heal wounds
 d - a potion of haste
 e - 2 potions of magic
 f - a potion of berserk rage


   Skills:
 + Level 7.0 Fighting
 + Level 6.9 Dodging
 * Level 11.4 Unarmed Combat


You had 6 spell levels left.
You didn't know any spells.
Your spell library was empty.

Dungeon Overview and Level Annotations

Branches:
Dungeon (1/1)

Altars:
Cheibriados
Dithmenos
Elyvilon
Fedhas
Gozag
Hepliaklqana
Kikubaaqudgha
Makhleb
Nemelex Xobeh
Okawaru
Qazlal
Ru
Sif Muna
Trog
Uskayaw
Vehumet
Wu Jian
Xom
Yredelemnul
Zin
The Shining One
Jiyva
Lugonu

Shops:
D ?


Innate Abilities, Weirdness & Mutations

You are too large for most types of armour.
You have claws for hands.
Your natural rate of healing is unusually fast.
You are covered in fur. (AC +1)
You have tough skin. (AC +1)


Message History

Your Unarmed Combat skill increases to level 11!
You have reached level 7!
Found an opulent altar of Gozag.
There is an open door, spattered with blood here.
Found a sparkling altar of Nemelex Xobeh.
There is an entrance to Koyhasch's Magic Scroll Emporium here.
There is an entrance to Koyhasch's Magic Scroll Emporium here.
i - a scroll of identify;
j - a scroll of magic mapping Thank you for shopping at Koyhasch's Magic Scroll Emporium!
As you read the scroll of magic mapping, it crumbles to dust.
You feel aware of your surroundings.
You sensed 21 shops/portals.
There is an open door, spattered with blood here.
There is an ornate altar of the Wu Jian Council here.
You see here a +0 chain mail.
There is an open door here.
There is an open door here.
There is an open door here.
You open the door.
A kobold demonologist and a floating eye come into view.
The kobold demonologist shouts!
The floating eye turns its gaze towards you.
You hear a shout!
The floating eye's view fixates on you.
A kobold demonologist comes into view. It is wielding a +1 dagger of draining.
The kobold demonologist gestures wildly while chanting.
The floating eye gazes piercingly through you!
You suddenly lose the ability to move!
The sun demon hits you but does no damage.
The sun demon hits you!!
You are engulfed in flames!
The sun demon hits you!
You are engulfed in flames!
* * * LOW HITPOINT WARNING * * *
You can move again.
There is an open door, spattered with blood here.
A red film seems to cover your vision as you go berserk!
You feel yourself moving faster!
You feel mighty!
The floating eye's stare focuses on you.
The sun demon hits you!!
* * * LOW HITPOINT WARNING * * *
You are engulfed in flames!!
You die...

#####################************
.)..#..'..#__#..@GK.#,,*,,,,+,,,,
.#..').#..'..'..#3..#*+*,****,,,,
###'#####'#__####K..+,,*,*,***,,,
##..#...#[####,,*####,,+,*+*,***+
_####..##.#~~~,,*,,**+****,,,*,*,
____##'#_.+~~~,,+,,*,,,,,*,,,***,
.∩...'..._#~~~,,*,,*,,,,,+,,,,,**
..__##_.#'#*+*****+***,,,*,,,,,*,
____###+#)#,,,,***,+,*,,,***++**,


You could see a sun demon (summoned), 2 kobold demonologists and a floating eye
(charged).

Vanquished Creatures
  A slime creature (D)
  Sigmund (D)
  A yak (D)
  An ogre (D)
  Ijyb (D)
  A jelly (D)
6 creatures vanquished.

Notes
Turn   | Place    | Note
-------+----------+-------------------------------------------
     0 | D        | Heoruswealwe the Troll Berserker began the quest for the
                  | Orb.
     0 | D        | Reached XP level 1. HP: 22/22 MP: 0/0
     1 | D        | Noticed Ijyb
     9 | D        | Killed Ijyb
    10 | D        | Reached skill level 5 in Unarmed Combat
    10 | D        | Reached XP level 2. HP: 6/31 MP: 1/1
    36 | D        | Noticed an ogre
    38 | D        | Killed an ogre
    39 | D        | Reached skill level 7 in Unarmed Combat
    39 | D        | Reached XP level 3. HP: 40/40 MP: 2/2
    39 | D        | Reached XP level 4. HP: 49/49 MP: 3/3
    42 | D        | Noticed Sigmund
    45 | D        | Killed Sigmund
    45 | D        | Reached ** piety under Trog
    46 | D        | Reached skill level 5 in Fighting
    46 | D        | Reached skill level 5 in Dodging
    46 | D        | Reached skill level 9 in Unarmed Combat
    46 | D        | Reached XP level 5. HP: 59/59 MP: 4/4
    71 | D        | Found a burning altar of Makhleb.
    71 | D        | Found a viscous altar of Jiyva.
    71 | D        | Found a shimmering altar of Xom.
    71 | D        | Found a corrupted altar of Lugonu.
    71 | D        | Noticed a slime creature
    79 | D        | Killed a slime creature
    80 | D        | Reached skill level 10 in Unarmed Combat
    80 | D        | Reached XP level 6. HP: 38/68 MP: 5/5
   112 | D        | Found an ornate altar of the Wu Jian Council.
   112 | D        | Found a shimmering blue altar of Sif Muna.
   114 | D        | Found a radiant altar of Vehumet.
   145 | D        | Found Koyhasch's Magic Scroll Emporium.
   145 | D        | Found an ancient bone altar of Kikubaaqudgha.
   145 | D        | Found a hazy altar of Hepliaklqana.
   145 | D        | Found a stormy altar of Qazlal.
   145 | D        | Found a hide-covered altar of Uskayaw.
   145 | D        | Found a blossoming altar of Fedhas.
   145 | D        | Found a bloodstained altar of Trog.
   145 | D        | Found an iron altar of Okawaru.
   145 | D        | Found a basalt altar of Yredelemnul.
   145 | D        | Found a glowing golden altar of the Shining One.
   145 | D        | Found a snail-covered altar of Cheibriados.
   145 | D        | Found a sacrificial altar of Ru.
   145 | D        | Found a glowing silver altar of Zin.
   145 | D        | Found a shadowy altar of Dithmenos.
   145 | D        | Found a white marble altar of Elyvilon.
   145 | D        | Noticed a yak
   147 | D        | Killed a yak
   147 | D        | Reached *** piety under Trog
   148 | D        | Reached skill level 11 in Unarmed Combat
   148 | D        | Reached XP level 7. HP: 78/78 MP: 6/6
   148 | D        | Found an opulent altar of Gozag.
   149 | D        | Found a sparkling altar of Nemelex Xobeh.
   155 | D        | Bought a scroll of identify for 20 gold pieces
   155 | D        | Bought a scroll of magic mapping for 75 gold pieces
   172 | D        | Noticed a kobold demonologist
   172 | D        | Noticed a kobold demonologist
   173 | D        | Paralysed by a floating eye for 4 turns
   174 | D        | Noticed a sun demon
   177 | D        | Mangled by a sun demon

Illustrated notes

Levels and vault maps discovered:
D:        dungeon_sprint_1 [red_sonja_temple_1, red_sonja_temple_small_1]

Skill      XL: |  1  2  3  4  5  6 |
---------------+-------------------+-----
Fighting       | 3 4 5 6 7 |  7.0
Dodging        | 3 4 5 6 |  6.9
Unarmed Combat | 5 7 9 10 11 | 11.4

Action                     |  1- 3 |  4- 6 |  7- 9 || total
---------------------------+-------+-------+-------++-------
  Melee: Unarmed           |     7 |    14 |       ||    21
         Punch             |       |     1 |       ||     1
 Invoke: Berserk           |     2 |       |     1 ||     3
    Use: Scroll            |       |       |     1 ||     1
 Armour: Animal skin       |       |       |     1 ||     1
  Dodge: Dodged            |       |     6 |       ||     6
